 Dungeon Crawl Stone Soup version 0.30-a0-613-gdd512c7efb (webtiles) character file.

Game seed: 8598952075424224114

20 wormed the Caller (level 2, 0/11 HPs)
             Began as a Felid Summoner on Jan 8, 2023.
             Slain by an adder (3 damage)
             ... on level 2 of the Dungeon.
             The game lasted 00:01:53 (651 turns).

wormed the Caller (Felid Summoner)                   Turns: 651, Time: 00:01:53

Health: 0/11       AC:  1    Str: 10    XL:     2   Next: 58%
Magic:  6/6        EV: 17    Int: 16    God:
Gold:   32         SH:  0    Dex: 16    Spells: 5/6 levels left
                                        Lives:  0   Deaths: 0

rFire   . . .      SeeInvis +    (weapon unavailable)
rCold   . . .      Faith    .    (shield unavailable)
rNeg    . . .      Spirit   .    (body armour unavailable)
rPois   .          Reflect  .    (helmet unavailable)
rElec   .          Harm     .    (cloak unavailable)
rCorr   .          Rampage  .    (gloves unavailable)
Will    .....                    (boots unavailable)
Stlth   ++                       (no amulet)
HPRegen 0.21/turn                c - +6 ring of strength
MPRegen 0.10/turn                (no ring)

@: quick
A: very small, claws 1, fangs 3, see invisible, speed 1, shaggy fur 1, stealthy
paws, no weapons or thrown items, no armour, multi-lived
a: no special abilities


You were on level 2 of the Dungeon.
You visited 1 branch of the dungeon, and saw 2 of its levels.

You collected 32 gold pieces.

Inventory:

Jewellery
 c - a +6 ring of strength (left paw)
 f - an amulet of faith
Scrolls
 d - a scroll of blinking {unknown}
 g - 2 scrolls of teleportation
 h - a scroll of fear
Potions
 a - a potion of magic
 e - a potion of heal wounds {unknown}


   Skills:
 - Level 2.6 Dodging
 - Level 2.6 Stealth
 + Level 2.5 Spellcasting
 + Level 4.4 Summonings


You had 5 spell levels left.
You knew the following spells:

 Your Spells              Type           Power      Damage    Failure   Level
a - Summon Small Mammal   Summ           64%        N/A       3%          1

Your spell library contained the following spells:

 Spells                   Type           Power      Damage    Failure   Level
 Call Imp                 Summ           16%        N/A       4%          2
 Call Canine Familiar     Summ           16%        N/A       10%         3
 Summon Guardian Golem    Hex/Summ       9%         N/A       24%         3
 Summon Lightning Spire   Summ/Air       9%         N/A       61%         4


Dungeon Overview and Level Annotations

Branches:
Dungeon (2/15)

Altars:


Innate Abilities, Weirdness & Mutations

You have sharp claws.
You have razor-sharp teeth.
You have supernaturally acute eyesight. (SInv)
You cover ground quickly. (Speed+)
You are covered in fur. (AC +1)
Your paws help you pounce on unaware monsters.
You are incapable of wielding weapons or throwing items.
You cannot wear armour.
You gain extra lives every three experience levels.


Message History

The frilled lizard bites your bat.
Your bat dies!
Your bat's corpse disappears in a puff of smoke!
A quokka comes into view.
You see here a black potion.
You see here a black potion.
A frilled lizard comes into view.
Found 14 gold pieces.
The adder hisses angrily.
Your quokka misses the frilled lizard. The adder attacks as you move away!
The adder bites you.
You are poisoned.
The adder poisons you!
You feel sick.
You see here a black potion.
You feel sick. The frilled lizard closely misses you.
Your quokka bites the frilled lizard.
The frilled lizard dies!
The adder attacks as you move away! The adder bites you.
You are more poisoned.
The adder poisons you!
* * * LOW HITPOINT WARNING * * *
You feel sick.
* * * LOW HITPOINT WARNING * * *
You feel sick.
It was a potion of curing.
You feel better. The adder misses you.
Your quokka misses the adder. You miss the adder. The adder closely misses you.
Your quokka closely misses the adder.
The adder closely misses you.
You scratch the adder but do no damage.
Your quokka bites the adder.
The adder completely misses you. The quokka bites you.
You closely miss the adder.
The adder is lightly wounded.
Your quokka misses the adder. The adder bites you. The quokka bites you.
* * * LOW HITPOINT WARNING * * *
Your quokka closely misses the adder.
You scratch the adder. Your bite misses the adder.
The adder is heavily wounded.
The adder misses you. The quokka closely misses you.
Your quokka misses the adder. The adder bites you.
You die...

# .# ###########.#
#...........##+##+####
#.........#..........#
#)...................# .
......rS@.......... ..
..#...r..######'###
...###+#...............#
l......................#
#......!.##...........#
#.................#)#######
.........####.####..........
..............####..........
..........##................


You could see an adder (ally target), a quokka and a friendly quokka (summoned).

Vanquished Creatures
  A hobgoblin (D:1)
  A jackal (D:1)
  A quokka (D:2)
  A rat (D:1)
4 creatures vanquished.

Vanquished Creatures (collateral kills)
  A ball python (D:1)
  A bat (D:1)
  3 endoplasms (D:1)
  A hobgoblin (D:1)
  3 jackals (D:1)
  2 frilled lizards (D:2)
  A goblin (D:2)
  A rat (D:1)
13 creatures vanquished.

Grand Total: 17 creatures vanquished

Notes
Turn   | Place    | Note
-------+----------+-------------------------------------------
     0 | D:1      | wormed the Felid Summoner began the quest for the Orb.
     0 | D:1      | Reached XP level 1. HP: 7/7 MP: 4/4
   254 | D:1      | Reached XP level 2. HP: 11/11 MP: 4/6
   651 | D:2      | Slain by an adder

Illustrated notes

Levels and vault maps discovered:
D:1:      dpeg_arrival_pits, layout_rooms
D:2:      layout_basic, hellmonk_ecumenical_altar_slurped_away

Action                   || total
-------------------------++-------
Melee: Unarmed           ||    25
       Punch             ||     1
 Cast: Summon Small Mamm ||    15
  Use: Scroll            ||     3
       Potion            ||     1
 Stab: Sleeping          ||     1
Armor: Skin              ||     4
Dodge: Dodged            ||    32

Table legend: (Time is in decaauts)
 A = Elapsed time spent in this place.
 B = Non-inter-level travel time spent in this place.
 C = Inter-level travel time spent in this place.
 D = Time resting spent in this place.
 E = Time spent auto-exploring this place.
 F = Levels seen in this place.
 G = Mean time per level.
                   A        B        C        D        E       F      G
               +--------+--------+--------+--------+--------+-----+--------+
         Total |    553 |    544 |      9 |      0 |    394 |   2 |  276.5 |
       Dungeon |    553 |    544 |      9 |      0 |    394 |   2 |  276.5 |
               +--------+--------+--------+--------+--------+-----+--------+

Top non-repeatable levels by time:
     D:1: 463 daAuts
     D:2: 90 daAuts
